 Dungeon Sprint DCSS version 0.28.0-43-g3370ac3207 (webtiles) character file.

Game seed: 15161722774228369862

13656 boopmooplesden the Severer (level 11, -17/123 HPs)
             Began as a Minotaur Berserker on Mar 13, 2022.
             Was the Champion of Trog.
             Demolished by a dire elephant (23 damage)
             ... in the Dungeon (Sprint III: "The Ten Rune Challenge").
             The game lasted 00:08:16 (3481 turns).

boopmooplesden the Severer (Minotaur Berserker)     Turns: 3481, Time: 00:08:16

Health: -17/123    AC: 12    Str: 21    XL:     11   Next: 78%
Magic:  3/3        EV: 18    Int:  4    God:    Trog [******]
Gold:   2006       SH:  0    Dex: 15    Spells: 10/10 levels left

rFire   . . .      SeeInvis .   w - +0 executioner's axe (antimagic)
rCold   . . .      Faith    .   (shield currently unavailable)
rNeg    . . .      Spirit   .   u - +2 ring mail {rPois}
rPois   +          Reflect  .   (helmet unavailable)
rElec   .          Harm     .   (no cloak)
rCorr   .          Rampage  .   e - +0 pair of gloves
Will    .....      NoTele   +   (no boots)
Stlth   ++........              (no amulet)
HPRegen 0.30/turn               (no ring)
MPRegen 0.08/turn               (no ring)

@: on berserk cooldown, slowed, very slow
A: horns 3, retaliatory headbutt, iridescent scales 1, screaming 1, wild magic
1, MP-powered wands
a: Renounce Religion, Berserk, Trog's Hand, Brothers in Arms


You were in the Dungeon.
You worshipped Trog.
Trog was exalted by your worship.
You visited 1 branch You collected 2006 gold pieces.

Inventory:

Hand Weapons
 a - a +0 hand axe
 d - a +7 hand axe of flaming
 p - a +1 long sword of holy wrath
 r - a +2 vorpal battleaxe
 t - a +0 club
 v - a +2 antimagic triple sword
 w - a +0 antimagic executioner's axe (weapon)
 x - a +3 glaive
Missiles
 y - 6 silver javelins (quivered)
Armour
 b - a +0 animal skin
 e - a +0 pair of gloves (worn)
 i - a +1 robe of positive energy
 s - a +0 chain mail
 u - a +2 ring mail of poison resistance (worn)
Wands
 o - a wand of polymorph (7)
Scrolls
 h - a scroll of blinking
 j - a scroll of torment {unknown}
 k - a scroll of brand weapon {unknown}
 l - 2 scrolls of immolation {unknown}
Potions
 c - 3 potions of curing
 f - 2 potions of magic
 g - a potion of berserk rage
 m - a potion of degeneration {unknown}
 n - 2 potions of mutation
Miscellaneous
 q - a condenser vane


   Skills:
 + Level 19.2 Fighting
 + Level 12.0 Long Blades
 + Level 20.4 Axes
 + Level 9.6 Armour
 + Level 13.9 Dodging
 + Level 5.6 Stealth
 + Level 0.1 Evocations


You had 10 spell levels left.
You didn't know any spells.
Your spell library was empty.

Dungeon Overview and Level Annotations

Branches:
Dungeon (1/1)

Altars:
Cheibriados
Dithmenos
Elyvilon
Fedhas
Gozag
Hepliaklqana
Kikubaaqudgha
Makhleb
Nemelex Xobeh
Okawaru
Qazlal
Ru
Sif Muna
Trog
Uskayaw
Vehumet
Wu Jian
Xom
Yredelemnul
Zin
The Shining One
Beogh
Jiyva
Lugonu

Shops:
D :

Annotations:
D Gastronok


Innate Abilities, Weirdness & Mutations

You have a pair of large horns on your head.
You reflexively headbutt those who attack you in melee.
You are partially covered in iridescent scales. (AC +2)
You occasionally shout uncontrollably at your foes.
Your spells are a little harder to cast, but a little more powerful.
You expend magic power (3 MP) to strengthen your wands.


Message History

You slice the dire elephant!!
The dire elephant is severely wounded.
You slash the dire elephant! The dire elephant tramples you!
You hold your ground!
The dire elephant barely misses you. The dire elephant closely misses you.
The dire elephant trunk-slaps you but does no damage.
You hit the dire elephant but do no damage.
The dire elephant is severely wounded.
You hit the dire elephant. The dire elephant tramples you.
You hold your ground!
The dire elephant trunk-slaps you.
You slash the dire elephant!
The dire elephant is severely wounded.
You slash the dire elephant! The dire elephant misses you. x2
Gastronok waves his eye-stalks in wide circles.
The air twists around and strikes you!
You slice the dire elephant!!
The dire elephant is almost dead.
You slash the dire elephant!
You are no longer berserk.
You are exhausted.
You feel yourself slow down.
You hit the dire elephant but do no damage.
The dire elephant is almost dead.
You hit the dire elephant but do no damage.
The dire elephant tramples you!!
You hold your ground!
The dire elephant trunk-slaps you but does no damage.
The dire elephant completely misses you.
The dire elephant closely misses you. The dire elephant tramples you!
* * * LOW HITPOINT WARNING * * *
You hold your ground!
The dire elephant misses you.
You hit the dire elephant.
You kill the dire elephant!
Trog accepts your kill.
You hit the dire elephant but do no damage.
The dire elephant tramples you!
* * * LOW HITPOINT WARNING * * *
You hold your ground!
The dire elephant trunk-slaps you!
* * * LOW HITPOINT WARNING * * *
The dire elephant tramples you!!
You die...

▓....(#..≈≈≈≈♣..♣.'
▓####'#..≈≈≈≈≈≈♣..#
▓(....#.≈≈≈≈≈≈....#
▓..)..#.≈≈≈≈≈.....#
▓.....#.≈≈≈.......#
▓'#####....†......#
▓.................#
▓▓▓▓▓▓▓▓▓▓▓▓▓▓▓▓▓▓▓
▓@Y†)≈§§§≈≈.≈.♣♣..
▓.†.#≈§§§§§§≈≈♣♣†≈
▓.wP#≈.≈§§≈§≈≈≈'..
▓...#≈≈≈§§≈≈≈≈♣♣♣♣
▓..)#.≈≈≈§≈≈≈≈♣
▓##+####+######


You could see Gastronok and a dire elephant.

Vanquished Creatures
  A dire elephant (D)
  Josephine (D)
  2 hydras (D)
  A centaur warrior (D)
  Urug (D)
  A spriggan druid (D)
  A death drake (D)
  A lindwurm (D)
  A deep elf pyromancer (D)
  2 elephants (D)
  2 cane toads (D)
  A rime drake (D)
  An unseen horror (D)
  A komodo dragon (D)
  2 tyrant leeches (D)
  A queen bee (D)
  4 blink frogs (D)
  2 spriggans (D)
  A shadow (D)
  3 wandering mushrooms (D)
  3 redbacks (D)
  A spatial vortex (D)
  An orc warrior (D)
  A necrophage (D)
  2 centaurs (D)
  An earth elemental (D)
  A water elemental (D)
  A scorpion (D)
  32 killer bees (D)
  An electric eel (D)
  A jelly (D)
  An orc priest (D)
  Jessica (D)
  A necromancer (D)
  A wizard (D)
  An orc wizard (D)
  3 humans (D)
  A kobold demonologist (D)
  3 orcs (D)
  3 rats (D)
90 creatures vanquished.

Vanquished Creatures (collateral kills)
  An orc high priest (D)
  2 orc sorcerers (D)
  3 orc warriors (D)
  An orc priest (D)
  An orc wizard (D)
  4 orcs (D)
12 creatures vanquished.

Vanquished Creatures (others)
  3 plants (D)
3 creatures vanquished.

Grand Total: 105 creatures vanquished

Notes
Turn   | Place    | Note
-------+----------+-------------------------------------------
     0 | D        | boopmooplesden the Minotaur Berserker began the quest for
                  | the Orb.
     0 | D        | Reached XP level 1. HP: 19/19 MP: 0/0
     5 | D        | Reached skill level 4 in Axes
     8 | D        | Noticed Jessica
    10 | D        | Reached ** piety under Trog
    16 | D        | Killed Jessica
    17 | D        | Reached skill level 5 in Fighting
    17 | D        | Reached skill level 5 in Axes
    17 | D        | Reached XP level 2. HP: 25/30 MP: 1/1
    50 | D        | Reached skill level 6 in Axes
    50 | D        | Reached XP level 3. HP: 37/37 MP: 2/2
    81 | D        | Noticed a scorpion
    96 | D        | Killed a scorpion
    97 | D        | Reached skill level 7 in Axes
    97 | D        | Reached XP level 4. HP: 48/48 MP: 3/3
   130 | D        | Gained mutation: You are agile. (Dex +2) [potion of
                  | mutation]
   130 | D        | Gained mutation: Your movements are slightly less
                  | encumbered by armour. (ER -2) [potion of mutation]
   131 | D        | Lost mutation: You are agile. (Dex +2) [potion of mutation]
   131 | D        | Lost mutation: Your movements are slightly less encumbered
                  | by armour. (ER -2) [potion of mutation]
   131 | D        | Gained mutation: Armour fits poorly on your strangely
                  | shaped body. [potion of mutation]
   131 | D        | Gained mutation: You are partially covered in iridescent
                  | scales. (AC +2) [potion of mutation]
   131 | D        | Gained mutation: You do not regenerate when monsters are
                  | visible. [potion of mutation]
   132 | D        | Lost mutation: Armour fits poorly on your strangely shaped
                  | body. [potion of mutation]
   132 | D        | Lost mutation: You do not regenerate when monsters are
                  | visible. [potion of mutation]
   132 | D        | Gained mutation: You expend magic power (3 MP) to
                  | strengthen your wands. [potion of mutation]
   132 | D        | Gained mutation: You have a pair of large horns on your
                  | head. [potion of mutation]
   132 | D        | Gained mutation: You occasionally shout uncontrollably at
                  | your foes. [potion of mutation]
   132 | D        | Gained mutation: Your spells are a little harder to cast,
                  | but a little more powerful. [potion of mutation]
   155 | D        | Noticed a water elemental
   160 | D        | Killed a water elemental
   160 | D        | Reached *** piety under Trog
   161 | D        | Reached skill level 9 in Axes
   161 | D        | Reached XP level 5. HP: 56/56 MP: 4/4
   279 | D        | Found a basalt altar of Yredelemnul.
   279 | D        | Found a shadowy altar of Dithmenos.
   279 | D        | Found a sacrificial altar of Ru.
   279 | D        | Noticed a necrophage
   283 | D        | Killed a necrophage
   284 | D        | Reached skill level 10 in Axes
   284 | D        | Reached skill level 5 in Armour
   284 | D        | Reached skill level 5 in Dodging
   285 | D        | Reached XP level 6. HP: 66/66 MP: 5/5
   327 | D        | Found a hide-covered altar of Uskayaw.
   327 | D        | Found an iron altar of Okawaru.
   328 | D        | Found a bloodstained altar of Trog.
   328 | D        | Found an ornate altar of the Wu Jian Council.
   328 | D        | Noticed a human
   328 | D        | Noticed a human
   334 | D        | Killed a human
   335 | D        | Reached skill level 10 in Fighting
   335 | D        | Reached skill level 11 in Axes
   343 | D        | Killed a human
   343 | D        | Reached **** piety under Trog
   344 | D        | Reached skill level 12 in Axes
   344 | D        | Reached XP level 7. HP: 13/74 MP: 6/6
   633 | D        | Found a glowing silver altar of Zin.
   633 | D        | Found a glowing golden altar of the Shining One.
   633 | D        | Found a white marble altar of Elyvilon.
   633 | D        | Noticed a deep elf pyromancer
   643 | D        | Noticed a fire elemental
   643 | D        | Noticed a fire elemental
   646 | D        | Killed a deep elf pyromancer
   647 | D        | Reached skill level 13 in Axes
   909 | D        | Found a radiant altar of Vehumet.
   909 | D        | Found a shimmering blue altar of Sif Muna.
   909 | D        | Found an ancient bone altar of Kikubaaqudgha.
   912 | D        | Reached XP level 8. HP: 85/85 MP: 7/7
   962 | D        | Reached skill level 14 in Axes
   962 | D        | Reached skill level 1 in Stealth
   964 | D        | Reached ***** piety under Trog
   969 | D        | Found a blossoming altar of Fedhas.
   969 | D        | Found a stormy altar of Qazlal.
   970 | D        | Found a snail-covered altar of Cheibriados.
   970 | D        | Found a burning altar of Makhleb.
   970 | D        | Found a hazy altar of Hepliaklqana.
   970 | D        | Found a shimmering altar of Xom.
   970 | D        | Found an opulent altar of Gozag.
   970 | D        | Found a sparkling altar of Nemelex Xobeh.
   970 | D        | Found a corrupted altar of Lugonu.
   970 | D        | Found a viscous altar of Jiyva.
  1114 | D        | Noticed Josephine
  1128 | D        | Killed Josephine
  1129 | D        | Reached skill level 15 in Axes
  1129 | D        | Reached XP level 9. HP: 87/96 MP: 8/8
  1265 | D        | Found Piorizo's Book Boutique.
  1265 | D        | Noticed an orc sorcerer
  1265 | D        | Noticed an orc sorcerer
  1269 | D        | Killed an orc sorcerer
  1270 | D        | Reached skill level 16 in Axes
  1270 | D        | Reached skill level 10 in Dodging
  1272 | D        | Reached skill level 15 in Fighting
  1274 | D        | Killed an orc sorcerer
  1277 | D        | Reached ****** piety under Trog
  1277 | D        | Received a gift from Trog
  1283 | D        | Noticed an orc high priest
  1291 | D        | Killed an orc high priest
  1291 | D        | Received a gift from Trog
  1292 | D        | Reached skill level 17 in Axes
  1606 | D        | Reached XP level 10. HP: 83/107 MP: 9/9
  1696 | D        | Noticed a centaur warrior
  1703 | D        | Killed a centaur warrior
  1787 | D        | Received a gift from Trog
  1811 | D        | Reached skill level 18 in Axes
  1816 | D        | Received a gift from Trog
  1859 | D        | Received a gift from Trog
  1870 | D        | Received a gift from Trog
  1877 | D        | Reached skill level 5 in Long Blades
  2511 | D        | Reached skill level 19 in Axes
  2737 | D        | Noticed a cane toad
  2737 | D        | Noticed a cane toad
  2742 | D        | Killed a cane toad
  2744 | D        | Killed a cane toad
  2784 | D        | Reached XP level 11. HP: 118/118 MP: 3/10
  2791 | D        | Received a gift from Trog
  2931 | D        | Noticed a lindwurm
  2935 | D        | Killed a lindwurm
  2946 | D        | Noticed Urug
  2951 | D        | Killed Urug
  2952 | D        | Reached skill level 5 in Stealth
  2971 | D        | Noticed a six-headed hydra
  2971 | D        | Noticed a five-headed hydra
  2981 | D        | Killed a one-headed hydra
  3148 | D        | Killed a one-headed hydra
  3157 | D        | Reached skill level 10 in Long Blades
  3159 | D        | Noticed a death drake
  3167 | D        | Killed a death drake
  3167 | D        | Received a gift from Trog
  3168 | D        | Reached skill level 20 in Axes
  3235 | D        | Found a blossoming altar of Fedhas.
  3235 | D        | Noticed a spriggan druid
  3246 | D        | Killed a spriggan druid
  3464 | D        | Noticed a dire elephant
  3464 | D        | Noticed a dire elephant
  3464 | D        | Noticed Gastronok
  3467 | D        | Received a gift from Trog
  3481 | D        | Killed a dire elephant
  3481 | D        | HP: 6/123 [dire elephant (7)]
  3481 | D        | Demolished by a dire elephant

Illustrated notes

Levels and vault maps discovered:
D:        dungeon_sprint_mu [sprint_mu_entry_forest, sprint_mu_temple_rooms,
          sprint_mu_d1_horrors, sprint_mu_d2_genie, sprint_mu_d3_branching,
          sprint_mu_orc_legion, sprint_mu_elf_gauntlet, sprint_mu_hive_nellie,
          sprint_mu_lair_fedhas, sprint_mu_vaults_butterflies,
          sprint_mu_slime_circle, sprint_mu_swamp_cave, sprint_mu_snake_twists,
          sprint_mu_blade_basic, sprint_mu_crypt_chambers,
          sprint_mu_tomb_spiral, sprint_mu_vestibule_basic,
          sprint_mu_gehenna_hellfire, sprint_mu_dis_giant,
          sprint_mu_tartarus_statrot, sprint_mu_cocytus_islands, sprint_mu_zot1]

Skill      XL: |  1  2  3  4  5  6  7  8  9 10 11 |
---------------+----------------------------------+-----
Fighting       | 5 6 7 8 9 11 12 14 16 17 19 | 19.2
Axes           | 5 6 7 9 10 12 13 15 17 19 20 | 20.4
Armour         | 3 4 5 6 7 8 9 |  9.6
Dodging        | 3 4 5 6 7 9 11 12 13 | 13.9
Stealth        | 2 3 4 5 |  5.6
Long Blades    | 2 3 6 12 | 12.0
Evocations     | |  0.1

Action                   |  1- 3 |  4- 6 |  7- 9 | 10-12 || total
-------------------------+-------+-------+-------+-------++-------
Melee: Hand axe          |    15 |    22 |    24 |    30 ||    91
       Headbutt          |       |     4 |    13 |    41 ||    58
       Long sword        |       |       |    13 |       ||    13
       Punch             |       |       |     1 |     1 ||     2
       Battleaxe         |       |       |    10 |    88 ||    98
       Triple sword      |       |       |       |    28 ||    28
       Executioner's axe |       |       |       |    40 ||    40
Invok: Berserk           |     2 |     3 |     3 |     6 ||    14
       Brothers in Arms  |       |       |     1 |       ||     1
Evoke: Condenser vane    |       |       |     1 |       ||     1
  Use: Potion            |       |     4 |     1 |       ||     5
 Stab: Distracted        |       |       |       |     1 ||     1
       Sleeping          |       |       |       |     2 ||     2
Armor: Robe              |       |     5 |     6 |       ||    11
       Ring mail         |       |       |       |    44 ||    44
Dodge: Dodged            |     8 |    16 |    24 |   153 ||   201
